 Dungeon Crawl Stone Soup version 0.24-b1 (webtiles) character file.

Game seed: 4737375662276809764, levelgen mode: deterministic

65 Arixos the Charmwright (level 4, 0/23 HPs)
             Began as a Vine Stalker Skald on Oct 13, 2019.
             Slain by a goblin (6 damage)
             ... led by Robin
             ... on level 4 of the Dungeon.
             The game lasted 00:05:12 (1333 turns).

Arixos the Charmwright (Vine Stalker Skald)         Turns: 1333, Time: 00:05:12

Health: 0/23       AC:  3    Str: 14    XL:     4   Next: 14%
Magic:  0/8        EV: 12    Int: 13    God:
Gold:   51         SH:  0    Dex: 14    Spells: 2/8 levels left

rFire    . . .     SeeInvis .   a - +0 falchion
rCold    . . .     Gourm    .   (no shield)
rNeg     . . .     Faith    .   b - +0 leather armour
rPois    .         Spirit   +   (no helmet)
rElec    .         Reflect  .   (no cloak)
rCorr    .         Harm     .   (no gloves)
MR       .....                  (no boots)
Stlth    ++........             (no amulet)
HPRegen  0.47/turn              (no ring)
MPRegen  0.11/turn              (no ring)

@: lethally poisoned (0 -> 0), very slightly contaminated
A: fangs 2, regeneration 1, magic shield, antimagic bite, no potion heal 3, rot
immunity
a: no special abilities


You were on level 4 of the Dungeon.
You were hungry.

You visited 1 branch of the dungeon, and saw 3 of its levels.

You collected 51 gold pieces.

Inventory:

Hand Weapons
 a - a +0 falchion (weapon)
Armour
 b - a +0 leather armour (worn)
Scrolls
 f - a scroll of magic mapping {unknown}
 i - a scroll of remove curse {unknown}
 j - 2 scrolls of random uselessness {unknown}
 l - a scroll of teleportation {unknown}
Potions
 c - a potion of heal wounds {unknown}
 e - 2 potions of curing {unknown}
 g - a potion of mutation {unknown}
 k - a potion of might {unknown}
 m - a potion of agility {unknown}
Comestibles
 d - 4 rations
 h - 4 chunks of flesh


   Skills:
 + Level 2.0 Fighting
 + Level 2.2 Long Blades
 + Level 1.2 Armour
 + Level 1.9 Dodging
 + Level 1.5 Stealth
 + Level 2.5 Spellcasting
 + Level 3.3 Charms
 + Level 0.1 Necromancy
 + Level 0.6 Translocations


You had 2 spell levels left.
You knew the following spells:

 Your Spells              Type           Power        Failure   Level  Hunger
a - Infusion              Chrm           ##..         8%          1    #......
r - Regeneration          Chrm/Necr      #.........   41%         3    ###....
s - Shroud of Golubria    Chrm/Tloc      #.....       21%         2    ###....

Your spell library contained the following spells:

 Spells                   Type           Power        Failure   Level  Hunger
 Song of Slaying          Chrm           ##......     12%         2    ###....
 Spectral Weapon          Hex/Chrm       #.......     41%         3    ###....


Dungeon Overview and Level Annotations

Branches:
Dungeon (2/15)

Altars:

Annotations:
D:4 Robin


Innate Abilities, Weirdness & Mutations

You have extremely sharp teeth.
Your natural rate of healing is unusually fast.
When hurt, damage is shared between your health and your magic reserves.
Your bite disrupts and absorbs the magic of your enemies.
Potions cannot restore your health.
You are immune to rotting.


Message History

You feel sick. The adder bites you but does no damage.
The goblin barely misses you.
You riposte.
You hit the goblin. Your bite misses the goblin.
The goblin is almost dead.
The adder bites you but does no damage. Robin throws the goblin at you!
The goblin hits you but does no damage.
You closely miss the adder.
The adder is severely wounded.
* * * LOW HITPOINT WARNING * * *
You feel sick. The adder closely misses you.
You riposte.
You hit the adder.
You kill the adder!
You have reached level 4!
You feel stronger.
You begin to heal more quickly.
The goblin hits you.
* * * LOW HITPOINT WARNING * * *
Robin roars a battlecry!
The goblin hits you but does no damage. The goblin hits you.
You die...

#..# #... #..#
#..# # #..# .### #
#..###....
#####.###..%..<...
...........!...###
#####....g@g......
######.###.### #g#
# #.# .g. #...#
#.#.# #. .# #. .#


You could see Robin and 3 goblins.

Vanquished Creatures
  An adder (D:4)
  A worm (D:2)
  A dart slug (D:1)
  4 leopard geckos
  2 ball pythons
  5 bats
  2 giant cockroaches
  8 goblins
  10 jackals
  A frilled lizard (D:1)
  4 kobolds
  3 rats (D:1)
42 creatures vanquished.

Notes
Turn   | Place    | Note
-------+----------+-------------------------------------------
     0 | D:1      | Arixos the Vine Stalker Skald began the quest for the Orb.
     0 | D:1      | Reached XP level 1. HP: 11/11 MP: 4/4
    88 | D:1      | Reached XP level 2. HP: 13/15 MP: 6/6
   310 | D:1      | Reached skill level 1 in Stealth
   348 | D:1      | Reached skill level 1 in Armour
   376 | D:1      | Learned a level 2 spell: Shroud of Golubria
   535 | D:1      | Reached XP level 3. HP: 14/18 MP: 4/7
   540 | D:1      | Learned a level 3 spell: Regeneration
  1294 | D:2      | You fall into a shaft and drop 2 floors!
  1324 | D:4      | Noticed Robin
  1332 | D:4      | Gained mutation: Your natural rate of healing is unusually
                  | fast. [Vine Stalker growth]
  1332 | D:4      | Reached XP level 4. HP: 7/23 MP: 0/8
  1333 | D:4      | Slain by a goblin

Skill      XL: |  1  2 |
---------------+-------+-----
Stealth        | 1 |  1.5
Armour         | 1 |  1.2
Long Blades    | 2 |  2.2
Fighting       | 2 |  2.0
Dodging        | |  1.9
Spellcasting   | |  2.5
Charms         | |  3.3
Necromancy     | |  0.1
Translocations | |  0.6

Action                   |  1- 3 |  4- 6 || total
-------------------------+-------+-------++-------
Melee: Falchion          |   103 |       ||   103
       Bite              |    27 |       ||    27
 Cast: Shroud of Golubri |    12 |       ||    12
 Stab: Sleeping          |     2 |       ||     2
  Eat: Chunk             |     2 |       ||     2
Armor: Leather armour    |    37 |     1 ||    38
Dodge: Dodged            |    65 |       ||    65
       Rpst.: Falchion   |    23 |       ||    23
